 Dungeon Crawl Stone Soup version 0.17.0 (webtiles) character file.

124 Eucla the Chopper (level 4, 0/38 HPs)
             Began as a Minotaur Gladiator on Nov 15, 2015.
             Killed from afar by an orc wizard (12 damage)
             ... with a puff of flame
             ... on level 3 of the Dungeon.
             The game lasted 00:01:38 (2118 turns).

Eucla the Chopper (Minotaur Gladiator)              Turns: 2118, Time: 00:01:38

Health: 0/38       AC:  5    Str: 19    XL:     4   Next: 81%
Magic:  3/3        EV: 12    Int:  5    God:
Gold:   190        SH:  0    Dex: 12    Spells: 0 memorised, 3 levels left

rFire  . . .     SeeInvis .     a - +0 war axe
rCold  . . .     Clarity  .     q - +0 ring mail
rNeg   . . .     SustAt   .     (no shield)
rPois  .         Gourm    .     c - +0 hat
rElec  .         Spirit   .     (no cloak)
rCorr  .         Warding  .     (no gloves)
rMut   .         Stasis   .     (no boots)
MR     .....                    (no amulet)
Stlth  ..........               (no ring)
                                (no ring)

@: confused, not resistant to hostile enchantments, extremely unstealthy
A: retaliatory headbutt, horns 2
a: no special abilities


You were on level 3 of the Dungeon.
You were hungry.

You visited 1 branch of the dungeon, and saw 3 of its levels.

You collected 190 gold pieces.

Inventory:

Hand Weapons
 a - a +0 war axe (weapon)
Missiles
 d - 3 throwing nets (quivered)
Armour
 b - a +0 leather armour
 c - a +0 hat (worn)
 q - a +0 ring mail (worn)
Wands
 v - a wand of digging (6)
Scrolls
 g - 2 scrolls of blinking {unknown}
 h - a scroll of remove curse {unknown}
 j - a scroll of enchant weapon {unknown}
 n - 2 scrolls of identify {unknown}
 u - a scroll of enchant armour {unknown}
Potions
 f - 2 potions of agility {unknown}
 i - a potion of degeneration {unknown}
 p - a potion of mutation {unknown}
 r - a potion of brilliance {unknown}
 s - a potion of flight {unknown}
 t - a potion of curing {unknown}
 w - a potion of heal wounds {unknown}
 x - 2 potions of poison {unknown}
 z - a potion of resistance {unknown}
Comestibles
 e - 3 bread rations
 k - a royal jelly
 l - a meat ration
 m - a slice of pizza
 o - a beef jerky


   Skills:
 + Level 3.4 Fighting
 + Level 4.3 Axes
 - Level 2.0 Throwing
 + Level 2.8 Armour
 + Level 4.3 Dodging


You had 3 spell levels left.
You didn't know any spells.

Dungeon Overview and Level Annotations

Branches:
Dungeon (3/15)

Altars:
Ashenzari
Zin


Innate Abilities, Weirdness & Mutations

You reflexively headbutt those who attack you in melee.
You have a pair of horns on your head.


Message History

You closely miss something. Something hits you but does no damage.
Unknown command.
You barely miss something. Something hits you but does no damage.
You hear some strange, mumbled words.
A magic dart appears from out of thin air!
The magic dart hits you!
You closely miss something. Something barely misses you.
Unknown command.
You miss something. You headbutt something. Something completely misses you.
Unknown command.
Your ring mail prevents you from hitting something.
You headbutt something!
You hear some strange, mumbled words.
You are confused.
Unknown command.
You're too confused to move!
You hear some strange, mumbled words.
A puff of flame appears from out of thin air!
The puff of flame hits you!
You die...

#.# ##### #.# ##.# #..#
#.#### # #....# ## #
#.#..# ##.
#...##########....####..
.....o{@.............+..
#...##########....####..
# #....# #. ###.## ##
#.# # #.# #####.#### #
#........####
#.###.......#


You could see an orc.

Vanquished Creatures
  An orc wizard (D:3)
  Jessica (D:2)
  2 adders (D:2)
  An ooze (D:3)
  A worm (D:2)
  2 orcs (D:3)
  A ball python (D:2)
  A giant cockroach (D:2)
  5 goblins
  5 hobgoblins
  3 jackals (D:1)
  7 kobolds
  A quokka (D:2)
  2 bats
  2 giant geckos (D:1)
  3 giant newts
  4 rats
42 creatures vanquished.

Notes
Turn   | Place    | Note
--------------------------------------------------------------
     0 | D:1      | Eucla the Minotaur Gladiator began the quest for the Orb.
     0 | D:1      | Reached XP level 1. HP: 18/18 MP: 0/0
    29 | D:1      | Reached skill level 1 in Armour
    36 | D:1      | Reached XP level 2. HP: 11/25 MP: 1/1
   764 | D:1      | Found a shattered altar of Ashenzari.
  1314 | D:2      | Found a glowing silver altar of Zin.
  1336 | D:2      | Found a shattered altar of Ashenzari.
  1405 | D:2      | Reached XP level 3. HP: 24/30 MP: 2/2
  1427 | D:2      | Noticed Jessica
  1434 | D:2      | Killed Jessica
  1434 | D:2      | Reached skill level 4 in Axes
  1751 | D:2      | Reached XP level 4. HP: 33/38 MP: 3/3
  2118 | D:3      | Killed from afar by an orc wizard

Action                   |  1- 3 |  4- 6 || total
-------------------------+-------+-------++-------
Melee: War axe           |    61 |    39 ||   100
  Eat: Chunk             |     2 |     1 ||     3
